Map: Fields of Death

Players

Snapback - Winner!

  • Race: Terran Terran
  • Spawn Location: 12:00

Batmandechoi - Winner!

  • Race: Terran Terran
  • League: Gold
  • Spawn Location: 12:00

Loken

  • Race: Zerg Zerg
  • League: Platinum
  • Spawn Location: 6:00

dallaskuken

  • Race: Protoss Protoss
  • League: Platinum
  • Spawn Location: 7:00

VOD

Have the link to the VOD?

Description

Time

  • Played on: March 27, 2017, 6:14 p.m.
  • Length: 8:56
Show
View Real Time Build Order
Export as new Build Order

Snapback Terran - Winner!

Build Orders: 1/1/1 

Get SALT Encoding   

  12  0:02  SCV  
  13  0:15  SCV  
  14  0:25  Supply Depot  
  14  0:28  SCV  
  15  0:47  SCV  
  15  0:48  Barracks  
  16  0:56  Refinery  
  16  0:59  Refinery  
  16  1:02  SCV  
  17  1:14  SCV  
  18  1:27  SCV  
  19  1:36  Marine  
  19  1:39  SCV, Supply Depot  
  21  1:45  Factory  
  21  1:51  Orbital Command  
  21  1:54  Marine  
  22  2:12  Marine  
  23  2:29  Starport  
  23  2:30  Widow Mine, Marine  
  23  2:35  Supply Depot  
  26  2:41  SCV  
  27  2:48  Marine  
  28  2:53  SCV  
  28  2:58  Widow Mine, Supply Depot  
  31  3:05  SCV, Marine  
  31  3:08  Medivac  
  35  3:18  SCV  
  36  3:23  Marine  
  36  3:25  Supply Depot  
  37  3:27  Widow Mine  
  37  3:33  SCV  
  40  3:41  Marine  
  40  3:47  SCV  
  40  3:48  Barracks  
  42  4:11  Factory Tech Lab  
  42  4:12  Starport Reactor  
  42  4:14  Marine  
  43  4:22  Command Center  
  43  4:32  Marine  
  44  4:50  Marine  
  41  5:26  Medivac x2  
  41  5:27  Marine, Siege Tank  
  41  5:28  Marine  
  50  5:38  Orbital Command  
  50  5:41  Supply Depot  
  50  5:45  Marine x2  
  52  6:01  Siege Tank  
  52  6:03  Marine  
  55  6:18  Barracks Tech Lab  
  54  6:19  Orbital Command  
  54  6:24  Barracks  
  54  6:27  Medivac x2  
  58  6:38  Siege Tank  
  61  6:42  Barracks Reactor  
  61  6:43  Stimpack  
  61  6:45  SCV  
  62  6:51  SCV  
  63  7:03  SCV  
  64  7:15  SCV  
  61  7:27  Marine x3  
  64  7:45  Marine x3  
  67  8:03  Marine x2  
  67  8:04  Marauder  
  68  8:21  Marine  
  68  8:25  Marauder  
  70  8:29  Marine  
  71  8:37  Barracks Reactor  
  71  8:39  Supply Depot  
  71  8:40  Supply Depot  
  72  8:42  SCV x2  
Show
View Real Time Build Order
Export as new Build Order

Batmandechoi Terran - Winner!

Build Orders: MMM Bio 

Get SALT Encoding   

  12  0:01  SCV  
  13  0:13  SCV  
  14  0:18  Supply Depot  
  14  0:42  Barracks  
  14  0:44  SCV  
  14  0:49  Refinery  
  15  0:53  Refinery  
  15  0:56  SCV  
  16  1:05  Barracks  
  16  1:13  SCV  
  17  1:25  SCV  
  18  1:39  Factory  
  18  1:42  SCV  
  19  1:54  SCV  
  20  2:06  SCV  
  20  2:07  Engineering Bay  
  21  2:14  Supply Depot, Barracks Tech Lab  
  21  2:17  Marine  
  22  2:23  SCV  
  22  2:27  Factory Tech Lab  
  23  2:39  Orbital Command  
  23  2:43  Marine  
  24  2:51  Marine  
  24  2:55  Stimpack  
  25  3:02  Marine  
  26  3:09  SCV  
  27  3:14  Marine  
  27  3:17  Siege Tank  
  31  3:24  Supply Depot  
  31  3:29  Terran Infantry Weapons Level 1  
  31  3:45  Marine x2  
  31  3:46  Supply Depot  
  33  3:49  Starport  
  33  3:56  Siege Tank  
  36  4:03  Marine  
  36  4:09  Marine  
  38  4:19  SCV  
  38  4:22  Marine  
  40  4:27  Marine  
  40  4:28  Supply Depot  
  41  4:39  Marine  
  41  4:42  Command Center  
  41  4:45  Siege Tank  
  42  5:08  Missile Turret  
  42  5:27  Missile Turret  
  42  5:33  SCV  
  42  5:34  Missile Turret  
  42  5:35  Marine x2  
  45  5:45  SCV  
  45  5:46  Medivac  
  45  5:49  Combat Shields  
  48  5:53  Marine x2  
  48  5:56  Terran Infantry Armor Level 1  
  50  6:10  Marine  
  50  6:11  Marine  
  52  6:16  Medivac  
  54  6:33  Missile Turret  
  54  6:45  Marine  
  54  6:46  Marine  
  56  7:08  Command Center  
  56  7:15  Missile Turret  
  56  7:25  Marine x2  
  48  7:38  Missile Turret  
  48  7:43  Marine x2  
  41  7:59  Missile Turret  
  41  8:01  Marine x2  
  43  8:18  Siege Tank  
  43  8:19  Marine x2, Medivac  
  47  8:36  Marine  
  47  8:37  Marine  
Show
View Real Time Build Order
Export as new Build Order

Loken Zerg 

Build Orders: Hatch First 

Get SALT Encoding   

  12  0:02  Drone  
  13  0:08  Drone  
  14  0:17  Overlord  
  14  0:37  Drone x3  
  17  0:57  Drone  
  18  1:10  Drone  
  19  1:11  Drone  
  19  1:16  Hatchery  
  19  1:19  Spawning Pool  
  18  1:26  Extractor  
  18  1:27  Overlord  
  18  1:31  Drone  
  18  1:53  Drone  
  19  1:54  Drone  
  20  2:07  Drone  
  21  2:17  Queen, Drone  
  24  2:23  Extractor  
  23  2:36  Drone  
  24  2:39  Queen  
  24  2:41  Drone x2  
  28  2:54  Lair  
  28  2:57  Drone  
  29  3:01  Drone  
  29  3:03  Overlord  
  29  3:04  Overlord  
  30  3:07  Metabolic Boost  
  30  3:12  Drone x2  
  32  3:28  Spore Crawler  
  31  3:38  Spine Crawler, Drone  
  31  3:39  Drone x6  
  37  3:47  Drone x2  
  37  3:48  Drone  
  40  3:50  Drone  
  41  3:59  Spire  
  40  4:10  Extractor  
  40  4:12  Extractor  
  40  4:13  Spore Crawler  
  40  4:15  Drone x2  
  39  4:26  Spine Crawler  
  39  4:27  Spine Crawler, Drone  
  39  4:28  Drone  
  39  4:35  Drone x2  
  39  4:36  Drone  
  42  4:42  Drone  
  43  5:14  Mutalisk  
  43  5:15  Mutalisk x3  
  43  5:18  Overlord x4  
  43  5:19  Overlord  
  51  5:25  Drone  
  52  5:32  Zerg Flyer Armor Level 1  
  52  5:42  Overseer  
  52  5:48  Mutalisk  
  52  5:49  Mutalisk x3  
  60  5:55  Drone  
  61  6:22  Mutalisk  
  61  6:23  Mutalisk x3  
  69  6:26  Zergling x20  
  79  6:40  Zergling x2  
  79  6:41  Zergling x8  
  49  7:41  Zergling x14  
  49  7:42  Zergling x4  
  54  7:49  Hatchery  
  53  7:54  Queen  
  53  7:56  Hatchery, Zergling x4  
  53  8:20  Zergling x6  
  53  8:21  Zergling x10  
  53  8:26  Zergling x2  
  56  8:27  Zergling x4  
Show
View Real Time Build Order
Export as new Build Order

dallaskuken Protoss 

Build Orders: Oracle Opening 

Get SALT Encoding   

  12  0:01  Probe (Chrono Boost)  
  13  0:12  Probe (Chrono Boost)  
  14  0:21  Pylon  
  14  0:24  Probe (Chrono Boost)  
  15  0:42  Probe (Chrono Boost)  
  16  0:43  Gateway  
  16  0:53  Probe (Chrono Boost)  
  17  1:03  Probe (Chrono Boost)  
  18  1:04  Forge  
  18  1:09  Pylon  
  18  1:14  Probe (Chrono Boost)  
  19  1:30  Cybernetics Core  
  19  1:35  Zealot  
  19  1:36  Assimilator  
  22  1:40  Probe (Chrono Boost)  
  22  1:44  Assimilator  
  22  1:52  Photon Cannon  
  22  2:02  Probe (Chrono Boost)  
  22  2:05  Warp Gate  
  23  2:19  Zealot  
  25  2:26  Pylon  
  25  2:33  Probe (Chrono Boost)  
  27  2:45  Probe (Chrono Boost)  
  27  2:49  Stargate  
  27  2:57  Photon Cannon  
  27  2:58  Stalker  
  29  3:15  Gateway  
  29  3:18  Gateway  
  29  3:20  Pylon  
  29  3:27  Gateway  
  29  3:32  Oracle  
  32  3:48  Pylon  
  32  4:23  Stalker x4  
  30  5:27  Probe (Chrono Boost)  
  28  5:37  Pylon  
  28  5:39  Probe (Chrono Boost)  
  29  5:45  Stalker x4  
  38  5:51  Probe (Chrono Boost)  
  38  6:03  Probe (Chrono Boost)  
  39  6:15  Probe (Chrono Boost)  
  41  6:27  Probe (Chrono Boost)  
  38  6:35  Stalker  
  38  6:36  Stalker x3  
  46  6:46  Photon Cannon  
  46  6:47  Void Ray  
  46  6:50  Probe (Chrono Boost)  
  52  7:02  Probe (Chrono Boost)  
  52  7:14  Probe (Chrono Boost)  
  30  7:44  Stalker x3  
Tags
 
Add a new tag
Caveats
  • Supply blocks, unpowered buildings, or Contaminate may cause inaccurate times.
  • Supply counts are checked every 10 seconds.